 Seeded DCSS version 0.29-a0-1033-gb6c65ffae6 (webtiles) character file.

Game seed: 20220814 (custom seed)

4134 purpskrrrp the Basher (level 10, -5/63 HPs)
             Began as a Gargoyle Fighter on Aug 14, 2022.
             Was an Initiate of Gozag.
             Slain by a rakshasa (illusionary)
             ... wielding a +0 trident
              (14 damage)
             ... on level 1 of the Abyss.
             The game lasted 00:40:13 (8826 turns).

purpskrrrp the Basher (Gargoyle Fighter)            Turns: 8826, Time: 00:40:17

Health: -5/63      AC: 17    Str: 20    XL:     10   Next: 27%
Magic:  10/10      EV:  9    Int: 15    God:    Gozag
Gold:   239        SH:  5    Dex:  9    Spells: 9/9 levels left

rFire   + . .      SeeInvis .   o - +4 morningstar (vorpal)
rCold   + + .      Faith    .   c - +0 buckler
rNeg    + . .      Spirit   .   b - +0 scale mail
rPois   ∞          Reflect  .   e - +1 helmet
rElec   +          Harm     .   (no cloak)
rCorr   +          Rampage  .   (no gloves)
Will    .....      Rage     3%  (no boots)
Stlth   ..........              A - amulet of regeneration
HPRegen 1.00/turn               y - +6 ring of intelligence
MPRegen 0.12/turn               (no ring)

@: resistant (expiring)
A: sickness immunity, AC +7, negative energy resistance 1, electricity
resistance, torment resistance 1, petrification resistance, berserk 1, cold
resistance 1, weak 2, wild magic 1
a: Renounce Religion, Potion Petition, Call Merchant, Bribe Branch


You were on level 1 of the Abyss.
You worshipped Gozag.
Gozag was aware of your devotion.
You visited 2 branches of the dungeon, and saw 8 of its levels.
You visited the Abyss 1 time.

You collected 355 gold pieces.
You paid 116 gold pieces to Gozag.

Inventory:

Hand Weapons
 a - a +0 flail
 g - a +2 whip of electrocution
 i - a +0 dagger
 o - a +4 vorpal morningstar (weapon)
 D - a +4 morningstar
Missiles
 q - 3 silver boomerangs (quivered)
 w - a throwing net
Armour
 b - a +0 scale mail (worn)
 c - a +0 buckler (worn)
 e - a +1 helmet (worn)
Jewellery
 s - an amulet of guardian spirit
 y - a +6 ring of intelligence (left hand)
 A - an amulet of regeneration (around neck)
Wands
 f - a wand of polymorph (11)
 m - a wand of flame (36)
 u - a wand of iceblast (12)
Scrolls
 d - a scroll of poison
 k - 2 scrolls of vulnerability
 n - 3 scrolls of immolation
 r - a scroll of butterflies
 v - a scroll of teleportation
Potions
 h - a potion of resistance
 j - a potion of flight
 l - 2 potions of degeneration
 p - a potion of cancellation
 t - a potion of magic {unknown}
 x - a potion of attraction {unknown}
 z - a potion of ambrosia {unknown}


   Skills:
 + Level 7.4 Fighting
 * Level 8.9 Maces & Flails
 + Level 7.4 Armour
 + Level 7.3 Shields
 + Level 5.4 Unarmed Combat


You had 9 spell levels left.
You didn't know any spells.
Your spell library contained the following spells:

 Spells                   Type           Power      Damage    Failure   Level
 Slow                     Hex            0%         N/A       73%         1
 Call Canine Familiar     Summ           0%         N/A       97%         3
 Confusing Touch          Hex            0%         N/A       97%         3
 Conjure Flame            Conj/Fire      0%         6-21      97%         3
 Ignite Poison            Fire/Tmut/Pois 0%         N/A       97%         3
 Portal Projectile        Hex/Tloc       0%         N/A       97%         3
 Vampiric Draining        Necr           0%         2d6       97%         3
 Leda's Liquefaction      Hex/Erth       0%         N/A       100%        4
 Sticky Flame             Conj/Fire      0%         2d3       100%        4


Dungeon Overview and Level Annotations

Branches:
Dungeon (7/15)             Temple (1/1) D:7

Altars:
Ashenzari
Cheibriados
Elyvilon
Fedhas
Gozag
Hepliaklqana
Makhleb
Nemelex Xobeh
Okawaru
Qazlal
Ru
Sif Muna
Trog
Vehumet
Wu Jian
Xom
Yredelemnul
Zin
The Shining One
Lugonu

Portals:
Abyss: D:7

Annotations:
D:4 1 runed translucent door, JakeJacob's ghost, novice GrBe


Innate Abilities, Weirdness & Mutations

You are immune to sickness and miasma.
Your stone body is resilient. (AC +7)
You are immune to poison.
You resist negative energy. (rN+)
You are resistant to electric shocks. (rElec)
You are resistant to unholy torment.
You are immune to petrification.
You sometimes lose your temper in combat.
Your flesh is cold resistant. (rC+)
You are very weak. (Str -4)
Your spells are a little harder to cast, but a little more powerful.


Message History

The silver boomerang hits the rakshasa but does no damage.
The rakshasa is lightly wounded.
Throw: 4 boomerangs (silver)
Press: ? - help, Q - select action, (/) - cycle Shift-Dir - straight line, f/p - rakshasa
Aim: a rakshasa, wielding a +0 trident and wearing a +0 robe (lightly wounded, 42% to hit)
You throw a silver boomerang.
The silver boomerang barely misses the rakshasa.
Throw: 4 boomerangs (silver)
Press: ? - help, Q - select action, (/) - cycle Shift-Dir - straight line, f/p - rakshasa
Aim: a rakshasa, wielding a +0 trident and wearing a +0 robe (lightly wounded, 42% to hit)
You throw a silver boomerang.
The silver boomerang misses the rakshasa.
A glowing orange brain comes into view.
The rakshasa hits you with a +0 trident!!
You impale the rakshasa!!
The rakshasa is moderately wounded.
The rakshasa hits you but does no damage.
You miss the rakshasa.
The rakshasa is moderately wounded.
You block the rakshasa's attack.
You hit the rakshasa.
The rakshasa is heavily wounded.
The rakshasa hits you with a +0 trident!
You miss the rakshasa.
The rakshasa is heavily wounded.
You start to feel less resistant.
The rakshasa hits you but does no damage.
You impale the rakshasa!!
The rakshasa is almost dead.
The injured rakshasa weaves a defensive illusion!
The rakshasa hits you from afar with a +0 trident!
The rakshasa hits you with a +0 trident!
You miss the rakshasa.
The rakshasa is almost dead.
The rakshasa hits you with a +0 trident!
* * * LOW HITPOINT WARNING * * *
The rakshasa closely misses you.
The rakshasa hits you with a +0 trident!
You die...
Your body crumbles into a pile of gold.

. ..G .
#.. ##
##.# .. #.
...##.#..
.. .#... .
#.. #...
.##..
#..##.#.
#.#.#.# ..
#R@#.#...#
#R....#
###R####
.#..#
#...#.. #
##..#.#.#
# .####. .
# ... # #.
#.. # . ..
.


You could see 3 rakshasas.

Vanquished Creatures
  Pikel (D:4)
  An apocalypse crab (Abyss:1)
  A wyvern (D:6)
  4 water moccasins
  An ice beast (D:6)
  An ogre (D:6)
  2 centaurs
  A small abomination (Abyss:1)
  2 lemures
  A kobold brigand (D:5)
  A gnoll sergeant (D:4)
  3 bullfrogs (D:6)
  2 scorpions
  A necrophage (D:6)
  17 wights
  4 killer bees
  3 hounds
  A jelly (D:5)
  4 orc priests
  Jessica (D:2)
  2 iguanas
  6 orc wizards
  Robin (D:2)
  10 gnolls
  11 adders
  A white imp (D:6)
  An ufetubus (D:6)
  5 worms
  3 dart slugs
  15 orcs
  9 endoplasms
  2 giant cockroaches (D:3)
  13 goblins
  9 hobgoblins
  2 jackals
  4 quokkas
  7 ball pythons
  5 bats
  4 frilled lizards
  15 kobolds
  4 rats
181 creatures vanquished.

Notes
Turn   | Place    | Note
-------+----------+-------------------------------------------
     0 | D:1      | purpskrrrp the Gargoyle Fighter began the quest for the
                  | Orb.
     0 | D:1      | Reached XP level 1. HP: 14/14 MP: 1/1
    94 | D:1      | Reached XP level 2. HP: 6/19 MP: 2/2
   919 | D:2      | Noticed Robin
   925 | D:2      | Reached XP level 3. HP: 20/23 MP: 3/3
  1523 | D:2      | Killed Robin
  1532 | D:2      | Noticed Jessica
  1697 | D:2      | Killed Jessica
  1698 | D:2      | Reached skill level 3 in Maces & Flails
  1698 | D:2      | Reached XP level 4. HP: 29/29 MP: 4/4
  1758 | D:2      | Found a faded altar of an unknown god.
  2467 | D:3      | Reached XP level 5. HP: 33/33 MP: 5/5
  2909 | D:3      | You fall into a shaft and drop 1 floor!
  2975 | D:4      | Found a runed translucent door.
  2975 | D:4      | Noticed JakeJacob's ghost (novice GrBe)
  3090 | D:3      | Found a white marble altar of Elyvilon.
  3538 | D:3      | Reached skill level 4 in Maces & Flails
  3629 | D:3      | Reached XP level 6. HP: 39/39 MP: 6/6
  4158 | D:4      | Reached skill level 1 in Unarmed Combat
  4579 | D:4      | Noticed Pikel
  4738 | D:4      | Killed Pikel
  4739 | D:4      | Reached skill level 5 in Fighting
  4739 | D:4      | Reached skill level 5 in Maces & Flails
  4739 | D:4      | Reached skill level 5 in Armour
  4739 | D:4      | Reached skill level 5 in Shields
  4739 | D:4      | Reached XP level 7. HP: 21/44 MP: 2/7
  4739 | D:4      | Reached XP level 8. HP: 24/49 MP: 2/8
  5093 | D:5      | Entered Level 5 of the Dungeon
  5307 | D:5      | Found a hazy altar of Hepliaklqana.
  5565 | D:5      | Reached skill level 6 in Maces & Flails
  5903 | D:5      | Found a radiant altar of Vehumet.
  6115 | D:6      | Found a sacrificial altar of Ru.
  6202 | D:5      | Gained mutation: You are weak. (Str -2) [potion of
                  | mutation]
  6202 | D:5      | Gained mutation: You are robust. (+10% HP) [potion of
                  | mutation]
  6202 | D:5      | Gained mutation: You are very weak. (Str -4) [potion of
                  | mutation]
  6202 | D:5      | Gained mutation: Your flesh is cold resistant. (rC+)
                  | [potion of mutation]
  6203 | D:5      | Lost mutation: You are robust. (+10% HP) [potion of
                  | mutation]
  6203 | D:5      | Lost mutation: Your flesh is cold resistant. (rC+) [potion
                  | of mutation]
  6203 | D:5      | Gained mutation: You sometimes lose your temper in combat.
                  | [potion of mutation]
  6203 | D:5      | Gained mutation: Your flesh is cold resistant. (rC+)
                  | [potion of mutation]
  6203 | D:5      | Gained mutation: Your spells are a little harder to cast,
                  | but a little more powerful. [potion of mutation]
  6225 | D:6      | HP: 2/51 [iguana (1)]
  6413 | D:6      | Reached XP level 9. HP: 55/55 MP: 9/9
  6450 | D:6      | Reached skill level 7 in Maces & Flails
  7180 | D:7      | Found a large runed translucent door.
  7180 | D:7      | Found a large runed translucent door.
  7181 | D:7      | Found a corrupted altar of Lugonu.
  7198 | D:7      | Found a one-way gate to the infinite horrors of the Abyss.
  7282 | D:6      | Reached skill level 8 in Maces & Flails
  7721 | D:6      | Reached skill level 5 in Unarmed Combat
  7721 | D:6      | Reached XP level 10. HP: 12/63 MP: 10/10
  7924 | D:7      | Found a basalt altar of Yredelemnul.
  7925 | D:7      | Found a blossoming altar of Fedhas.
  7927 | D:7      | Found a glowing golden altar of the Shining One.
  7927 | D:7      | Found a sparkling altar of Nemelex Xobeh.
  7954 | D:7      | Found a staircase to the Ecumenical Temple.
  7972 | D:7      | Found an ornate altar of the Wu Jian Council.
  8390 | Temple   | Entered the Ecumenical Temple
  8510 | Temple   | Became a worshipper of Gozag Ym Sagoz the Greedy
  8612 | Abyss:1  | Cast into level 1 of the Abyss (kobold brigand)
  8742 | Abyss:1  | Noticed a bone dragon
  8753 | Abyss:1  | Noticed an apocalypse crab
  8763 | Abyss:1  | Killed an apocalypse crab
  8815 | Abyss:1  | Noticed a rakshasa
  8819 | Abyss:1  | Noticed a glowing orange brain
  8826 | Abyss:1  | Slain by a rakshasa (illusionary)

Illustrated notes

Levels and vault maps discovered:
D:1:      dpeg_arrival_pits, layout_loops_ring
D:2:      layout_rooms, ebering_ecumenical_altar_hall, serial_glass,
          glass_columns_a, glass_columns_a, uniq_robin, uniq_jessica
D:3:      minmay_chambers_of_twos, layout_basic, elyvilon_altar_3
D:4:      layout_basic, hellmonk_ghost_happy_afterlife, uniq_pikel
D:5:      layout_gridville, lemuel_round_altar, mainiacjoe_overflow_boulevard,
          serial_glass, glass_columns_b, glass_columns_a, glass_columns_a,
          glass_columns_a, glass_columns_b, glass_columns_b, glass_columns_a,
          glass_columns_c
D:6:      layout_cave_pools, kennysheep_mini
D:7:      due_chaos_kobolds, layout_rooms, pdpol_wu_jian_five_deadly_venoms,
          mainiacjoe_overflow_alcove_3, minmay_temple_entry_butterflies
Temple:   nicolae_temple_two_arcs
Abyss:1:  base: Temple, hangedman_decor_riveting

Skill      XL: |  1  2  3  4  5  6  7  8  9 |
---------------+----------------------------+-----
Maces & Flails | 3 4 5 6 8 |  8.9
Fighting       | 4 5 6 7 |  7.4
Shields        | 4 5 7 |  7.3
Armour         | 4 5 6 7 |  7.4
Unarmed Combat | 2 3 5 |  5.4

Action                   |  1- 3 |  4- 6 |  7- 9 | 10-12 || total
-------------------------+-------+-------+-------+-------++-------
Melee: Flail             |    15 |       |       |       ||    15
       Whip              |    81 |   224 |    66 |       ||   371
       Morningstar       |       |       |   220 |    59 ||   279
Throw: Boomerang         |       |       |     1 |     3 ||     4
  Use: Scroll            |     2 |     7 |    11 |     3 ||    23
       Potion            |       |     2 |     5 |     2 ||     9
Armor: Scale mail        |    71 |    81 |   242 |    53 ||   447
Dodge: Dodged            |    49 |    81 |   189 |    35 ||   354
Block: Buckler           |    36 |    31 |   101 |    30 ||   198

Table legend: (Time is in decaauts)
 A = Elapsed time spent in this place.
 B = Non-inter-level travel time spent in this place.
 C = Inter-level travel time spent in this place.
 D = Time resting spent in this place.
 E = Time spent auto-exploring this place.
 F = Levels seen in this place.
 G = Mean time per level.
                   A        B        C        D        E       F      G
               +--------+--------+--------+--------+--------+-----+--------+
         Total |   8936 |   8615 |    321 |   2496 |   3451 |   9 |  992.9 |
       Dungeon |   8563 |   8242 |    321 |   2464 |   3345 |   7 | 1223.3 |
        Temple |    156 |    156 |      0 |      0 |    106 |   1 |  156.0 |
         Abyss |    216 |    216 |      0 |     32 |      0 |   1 |  216.0 |
               +--------+--------+--------+--------+--------+-----+--------+

Top non-repeatable levels by time:
     D:1: 1637 daAuts
     D:3: 1524 daAuts
     D:6: 1282 daAuts
     D:4: 1253 daAuts
     D:5: 1173 daAuts
     D:7: 1016 daAuts
     D:2: 674 daAuts
 Abyss:1: 216 daAuts
  Temple: 156 daAuts
